 Dungeon Crawl Stone Soup version 0.19-a0-934-gf1df8d1 (webtiles) character file.

123 Implojin the Chopper (level 4, -3/39 HPs)
             Began as a Minotaur Fighter on July 8, 2016.
             Slain by an ogre
             ... wielding a +0 giant spiked club
              (9 damage)
             ... on level 5 of the Dungeon.
             The game lasted 00:02:58 (503 turns).

Implojin the Chopper (Minotaur Fighter)              Turns: 503, Time: 00:02:59

Health: -3/39      AC:  6    Str: 20    XL:     4   Next: 80%
Magic:  3/3        EV:  7    Int:  5    God:
Gold:   50         SH:  9    Dex: 11    Spells: 0 memorised, 3 levels left

rFire  . . .     SeeInvis .     a - +0 war axe
rCold  . . .     Gourm    .     b - +0 scale mail
rNeg   . . .     Faith    .     c - +0 shield
rPois  .         Spirit   .     (helmet restricted)
rElec  .         Dismiss  .     (no cloak)
rCorr  .         Reflect  .     (no gloves)
SustAt .         Harm     .     (no boots)
MR     .....                    (no amulet)
Stlth  ..........               (no ring)
                                (no ring)

@: not resistant to hostile enchantments, extremely unstealthy
A: retaliatory headbutt, horns 2
a: no special abilities


You were on level 5 of the Dungeon.
You were not hungry.

You visited 1 branch of the dungeon, and saw 5 of its levels.

You collected 50 gold pieces.

Inventory:

Hand Weapons
 a - a +0 war axe (weapon)
Armour
 b - a +0 scale mail (worn)
 c - a +0 shield (worn)
Scrolls
 e - 2 scrolls of remove curse {unknown}
 o - 2 scrolls of identify {unknown}
Potions
 g - a potion of ambrosia {unknown}
 h - a potion of magic {unknown}
 i - a potion of brilliance
 j - a potion of resistance {unknown}
 k - a potion of haste {unknown}
 m - a potion of flight {unknown}
 n - a potion of mutation {unknown}
 p - a potion of lignification {unknown}
Comestibles
 f - a bread ration


   Skills:
 - Level 3.6 Fighting
 * Level 6.1 Axes
 - Level 3.6 Armour
 - Level 3.6 Shields


You had 3 spell levels left.
You didn't know any spells.

Dungeon Overview and Level Annotations

Branches:
Dungeon (5/15)
 Temple: D:4-7

Altars:


Innate Abilities, Weirdness & Mutations

You reflexively headbutt those who attack you in melee.
You have a pair of horns on your head.


Message History

Unknown command.
Unknown command.
Unknown command.
You barely miss the orc. You headbutt the orc.
The orc is moderately wounded.
You hit the hobgoblin.
You kill the hobgoblin!
The orc hits you with a club.
* * * LOW HITPOINT WARNING * * *
Unknown command.
You completely miss the orc.
The orc is moderately wounded.
You block the orc's attack. The orc hits you but does no damage.
You hit the orc.
The orc is heavily wounded.
You block the orc's attack.
You slash the orc!
You kill the orc!
Found a scroll labeled KISEOV ETROTS.
Found a stone staircase leading down.
e - 2 scrolls labeled KISEOV ETROTS (gained 1)
There is a stone staircase leading down here.
You climb downwards.
You hear the hiss of flowing sand.
There is an entrance to an ossuary on this level.
Hurry and find it before the portal is buried!
A giant cockroach comes into view.
There is a stone staircase leading up here.
Unknown command.
You block the giant cockroach's attack.
You slash the giant cockroach!
You kill the giant cockroach!
An ogre comes into view. It is wielding a giant spiked club.
The ogre shouts!
The ogre hits you with a giant spiked club!
* * * LOW HITPOINT WARNING * * *
Okay, then.
Okay, then.
You barely miss the ogre.
The ogre hits you with a giant spiked club!
You die...

#. #.. # #
..#
....#.#####.#
#...O@.##.#
###.##.##.#
#.##.##.#
#.......#
#######.# #.#
#.# #.# #.#


You could see an ogre.

Vanquished Creatures
  2 orc priests
  An adder (D:3)
  A worm (D:3)
  2 giant geckos (D:3)
  7 orcs
  3 giant cockroaches
  8 goblins
  3 hobgoblins
  9 jackals
  2 bats
  2 kobolds (D:1)
  A rat (D:3)
41 creatures vanquished.

Notes
Turn   | Place    | Note
-------+----------+-------------------------------------------
     0 | D:1      | Implojin the Minotaur Fighter began the quest for the Orb.
     0 | D:1      | Reached XP level 1. HP: 19/19 MP: 0/0
     1 | D:1      | Noticed an electric eel
    79 | D:1      | Reached skill level 3 in Axes
    83 | D:1      | Reached XP level 2. HP: 23/26 MP: 1/1
   219 | D:3      | Reached skill level 4 in Axes
   229 | D:3      | Reached XP level 3. HP: 11/31 MP: 2/2
   282 | D:3      | Reached skill level 5 in Axes
   295 | D:3      | Reached XP level 4. HP: 13/39 MP: 3/3
   364 | D:4      | Noticed an ogre
   395 | D:4      | Reached skill level 6 in Axes
   481 | D:5      | Entered Level 5 of the Dungeon
   501 | D:5      | Noticed an ogre
   503 | D:5      | Slain by an ogre

Vault maps used:
D:1:      arrival_aquarium_a, minmay_cupped
D:3:      kennysheep_the_goblin_king, gup_sewer_entry_bubbles,
          grunt_ministairs_7
D:4:      marbit_many_paths, serial_undead, serial_undead_b, serial_undead_e,
          serial_undead_c, serial_undead_c, serial_undead_a, first_bread,
          uniq_blork_the_orc
D:5:      black_bear_nest_1, serial_shops, shop, enter_ossuary_3,
          hangedman_abyss_or_decor_stagger, tgw_trog

Skill      XL: |  1  2  3  4 |
---------------+-------------+-----
Axes           | 3 4 5 6 |  6.1
Fighting       | |  3.6
Armour         | |  3.6
Shields        | |  3.6

Action                   |  1- 3 |  4- 6 || total
-------------------------+-------+-------++-------
Melee: War axe           |    39 |    28 ||    67
       Headbutt          |     6 |     9 ||    15
  Use: Potion            |     1 |     2 ||     3
       Scroll            |       |     2 ||     2
Armor: Scale mail        |    37 |     9 ||    46
Dodge: Dodged            |    35 |    10 ||    45
Block: Shield            |    51 |    22 ||    73

Table legend:
 A = Turns spent in this place as a percentage of turns spent in the entire game.
 B = Non-inter-level travel turns spent in this place as a percentage of non-inter-level travel turns spent in the entire game.
 C = Inter-level travel turns spent in this place as a percentage of turns spent in this place.
 D = Turns resting spent in this place as a percentage of non-inter-level travel turns spent in this place.
 E = Turns spent auto-exploring this place as a percentage of non-inter-level travel turns spent in this place.
 F = Non-inter-level travel turns spent in this place divided by the number of levels of this place that you've seen.
                   A       B       C       D       E      F
               +-------+-------+-------+-------+-------+----------------------
         Total | 100.0 | 100.0 |   0.0 |   0.0 |   0.0 | 105.2
       Dungeon | 100.0 | 100.0 |   0.0 |   0.0 |   0.0 | 105.2
               +-------+-------+-------+-------+-------+----------------------

Table legend:
 A = Kills in this place as a percentage of kills in entire the game.
 B = Kills by you in this place as a percentage of kills by you in the entire game.
 C = Kills by friends in this place as a percentage of kills by friends in the entire game.
 D = Other kills in this place as a percentage of other kills in the entire game.
 E = Experience gained in this place as a percentage of experience gained in the entire game.
 F = Experience gained in this place divided by the number of levels of this place that you have seen.
                   A       B       C       D       E      F
               +-------+-------+-------+-------+-------+----------------------
         Total | 100.0 | 100.0 |  -nan |  -nan | 100.0 |  35.4
       Dungeon | 100.0 | 100.0 |  -nan |  -nan | 100.0 |  35.4
               +-------+-------+-------+-------+-------+----------------------
